 Dungeon Crawl Stone Soup version 0.30-a0-800-g7c544603b3 (webtiles) character file.

Game seed: 9829535096110887665

17 cheesebisquit the Poker (level 2, -1/22 HPs)
             Began as a Merfolk Gladiator on Feb 22, 2023.
             Slain by a gnoll
             ... wielding a +0 club
              (5 damage)
             ... on level 1 of the Dungeon.
             The game lasted 00:01:44 (770 turns).

cheesebisquit the Poker (Merfolk Gladiator)          Turns: 770, Time: 00:01:45

Health: -1/22      AC:  4    Str: 14    XL:     2   Next: 62%
Magic:  2/2        EV: 13    Int:  7    God:
Gold:   33         SH:  0    Dex: 15    Spells: 1/1 levels left

rFire   . . .      SeeInvis .    a - +0 trident
rCold   . . .      Faith    .    (no shield)
rNeg    . . .      Spirit   .    b - +0 leather armour
rPois   .          Reflect  .    c - +0 helmet
rElec   .          Harm     .    (no cloak)
rCorr   .          Rampage  .    (no gloves)
Will    .....                    (no boots)
Stlth   +                        (no amulet)
HPRegen 0.23/turn                (no ring)
MPRegen 0.08/turn                (no ring)

@: mighty
A: (nimble swimmer 2), mertail
a: no special abilities


You were on level 1 of the Dungeon.
You visited 1 branch of the dungeon, and saw 2 of its levels.

You collected 33 gold pieces.

Inventory:

Hand Weapons
 a - a +0 trident (weapon)
Missiles
 d - 2 throwing nets (quivered)
 e - a javelin
Armour
 b - a +0 leather armour (worn)
 c - a +0 helmet (worn)
Scrolls
 f - a scroll of poison {unknown}
 h - a scroll of vulnerability {unknown}
 i - 2 scrolls of identify {unknown}
 k - a scroll of fog {unknown}
Potions
 g - a potion of might
 j - a potion of lignification {unknown}


   Skills:
 - Level 2.1 Fighting
 + Level 5.2 Polearms
 - Level 2.0 Throwing
 - Level 4.0 Dodging


You had one spell level left.
You didn't know any spells.
Your spell library was empty.

Dungeon Overview and Level Annotations

Branches:
Dungeon (2/15)

Altars:


Innate Abilities, Weirdness & Mutations

((You are very nimble when in or above water. (Stealth+, EV+, Speed+++)))
Your lower body shifts to a powerful aquatic tail in water.


Message History

The endoplasm quivers.
The gnoll shouts!
Found a dented beryl amulet and 7 gold pieces.
There is a stone staircase leading up here.
Throw: 3 throwing nets
Press: ? - help, Q - select action, (/) - cycle Shift-Dir - straight line, f - gnoll
Aim: a gnoll, wielding a +0 club (64% to hit)
Okay, then.
Throw: 3 throwing nets
Press: ? - help, Q - select action, (/) - cycle Shift-Dir - straight line, f - gnoll
Aim: a gnoll, wielding a +0 club (64% to hit)
You throw a throwing net.
The throwing net closely misses the gnoll.
The throwing net hits the gnoll.
The gnoll is caught in the net!
A bat comes into view.
Reach: a) +0 trident
Press: ? - help, Dir - move target, f/p - gnoll
Aim: a gnoll, wielding a +0 club (about 36% to evade your +0 trident)
You reach to attack!
You barely miss the gnoll.
The gnoll struggles against the net.
The gnoll hits you from afar with a +0 spear.
The gnoll hits you with a +0 club.
The gnoll hits you from afar with a +0 spear.
The endoplasm closely misses you.
The gnoll struggles against the net.
The bat hits you but does no damage. The bat closely misses you.
The gnoll hits you with a +0 club. The bat misses you.
The gnoll struggles against the net.
The endoplasm freezes you.
You are frozen.
The gnoll hits you from afar with a +0 spear.
* * * LOW HITPOINT WARNING * * *
The goblin hits you with a +0 dagger.
* * * LOW HITPOINT WARNING * * *
You climb upwards.
There is a stone staircase leading down here.
It was a potion of might.
You feel very mighty all of a sudden. The bat hits you but does no damage.
The endoplasm closely misses you. The goblin hits you but does no damage.
The gnoll hits you with a +0 club.
You die...

##############.# ######.#
##########
#......####....)..)#
#########..................#
........#......####).......#
#######.######### #........#
#.#.......# #........#
#######.#.......#####.######
..........(....g@J......#
#######.#......gb####.#.#
#######.####........#...#
#...)...# #......##.#..####
#.####### #..#............#
##### #.#.....#
#..###.####.#.#.# #....
#.#.###.###.............#.#
#.### #.#.#
#.....####.###.####.# #.# #
....######### #.# #.##.#.#
#.# #


You could see a gnoll, an endoplasm, a goblin and a bat.

Vanquished Creatures
  2 dart slugs (D:1)
  2 endoplasms (D:1)
  A goblin (D:1)
  3 kobolds (D:1)
  4 ball pythons (D:1)
  2 bats (D:1)
  A frilled lizard (D:1)
15 creatures vanquished.

Notes
Turn   | Place    | Note
-------+----------+-------------------------------------------
     0 | D:1      | cheesebisquit the Merfolk Gladiator began the quest for the
                  | Orb.
     0 | D:1      | Reached XP level 1. HP: 16/16 MP: 1/1
   237 | D:1      | Reached XP level 2. HP: 22/22 MP: 2/2
   402 | D:1      | Reached skill level 5 in Polearms
   770 | D:1      | Slain by a gnoll

Illustrated notes

Levels and vault maps discovered:
D:1:      noname_arrival_rooms_in_the_neighbourhood, layout_basic,
          minmay_curled_crystal, chequers_avenue,
          hangedman_decor_clover_reticule
D:2:      layout_basic

Skill      XL: |  1  2 |
---------------+-------+-----
Polearms       | 5 |  5.2
Fighting       | |  2.1
Throwing       | |  2.0
Dodging        | |  4.0

Action                     || total
---------------------------++-------
  Melee: Trident           ||    38
  Throw: Throwing net      ||     1
    Use: Potion            ||     1
   Stab: Sleeping          ||     3
 Armour: Leather armour    ||     8
  Dodge: Dodged            ||    17

Table legend: (Time is in decaauts)
 A = Elapsed time spent in this place.
 B = Non-inter-level travel time spent in this place.
 C = Inter-level travel time spent in this place.
 D = Time resting spent in this place.
 E = Time spent auto-exploring this place.
 F = Levels seen in this place.
 G = Mean time per level.
                   A        B        C        D        E       F      G
               +--------+--------+--------+--------+--------+-----+--------+
         Total |    772 |    747 |     25 |      0 |    643 |   2 |  386.0 |
       Dungeon |    772 |    747 |     25 |      0 |    643 |   2 |  386.0 |
               +--------+--------+--------+--------+--------+-----+--------+

Top non-repeatable levels by time:
     D:1: 768 daAuts
     D:2: 3 daAuts
